 Dungeon Sprint DCSS version 0.31-a0-750-gfe7b580527 (webtiles) character file.

Game seed: 4351238740635816163

64833 rocky1 the Wrestler (level 14, -8/159 HPs)
             Began as a Troll Shapeshifter on Sept 15, 2023.
             Was an Initiate of Gozag.
             Mangled by Mennas
             ... wielding a +5 eudemon blade of holy wrath
              (14 damage)
             ... in the Dungeon (Sprint IX: "|||||||||||||||||||||||||||||").
             The game lasted 00:22:12 (4244 turns).

rocky1 the Wrestler (Troll Shapeshifter)            Turns: 4244, Time: 00:22:13

Health: -8/159     AC: 16    Str: 24    XL:     14   Next: 73%
Magic:  13/13      EV: 13    Int:  6    God:    Gozag
Gold:   2020       SH:  0    Dex: 11    Spells: 13/13 levels left

rFire   + +          +
                       - Unarmed
rCold   + + .        (shield currently unavailable)
rNeg    + + .        N - +1 fire dragon scales
rPois   .            (helmet restricted)
rElec   .            K - +1 cloak {rCorr}
rCorr   +            (gloves unavailable)
SInv    +            (boots unavailable)
Will    .....        p - amulet of regeneration Stlth
                     n - ring of Onanudirr {rC+ rN+ rCorr Str-3 SInv}
HPRegen 2.06/turn    D - ring "Lunix" {rF+ rC++ rN+ Will-}
MPRegen 0.13/turn

%: no teleportation
@: confused, mighty, blade hands, hasted, glowing, invisible (but backlit and
visible), very quick
A: large, unfitting armour, (claws 3), regeneration 1, shaggy fur 1, tough skin
1
a: Begin Untransformation, Renounce Religion, Potion Petition, Call Merchant,
Bribe Branch


You were in the Dungeon.
You worshipped Gozag.
Gozag was most pleased with you.
You had blades for hands.
You visited 1 branch You collected 19520 gold pieces.
You spent 8926 gold pieces at shops.
You paid 8574 gold pieces to Gozag.

Inventory:

Missiles
 i - 4 atropa-tipped darts (quivered)
 y - 4 javelins
 O - a throwing net
 P - 18 large rocks
Armour
 K - a +1 cloak of preservation (worn)
 N - +1 fire dragon scales (worn)
Jewellery
 a - the ring of the Mage {Wiz Archmagi}
   (You bought it in a shop in the Dungeon)

   [ring of wizardry]

   Wiz:       It improves your spell success rate.
   Archmagi:  It increases the power of your magical spells.
 m - the amulet "Kisk" {Drain rElec rC+ Regen+ Int+5}
   (You bought it in a shop in the Dungeon)

   [amulet of regeneration]

   Int+5:     It affects your intelligence (+5).
   rC+:       It protects you from cold.
   rElec:     It insulates you from electricity.
   Regen+:    It increases your rate of health regeneration.
   Drain:     It drains your maximum health when unequipped.
 n - the ring of Onanudirr (left blade hand) {rC+ rN+ rCorr Str-3 SInv}
   (You bought it in a shop in the Dungeon)

   [ring of see invisible]

   Str-3:     It affects your strength (-3).
   rC+:       It protects you from cold.
   rN+:       It protects you from negative energy.
   SInv:      It lets you see invisible.
   rCorr:     It protects you from acid and corrosion.
 p - an amulet of regeneration (around neck)
 w - a ring of poison resistance
 D - the ring "Lunix" (right blade hand) {rF+ rC++ rN+ Will-}
   (You bought it in a shop in the Dungeon)

   [ring of protection from fire]

   rF+:       It protects you from fire.
   rC++:      It greatly protects you from cold.
   rN+:       It protects you from negative energy.
   Will-:     It decreases your willpower.
 E - the ring "Cuotadghe" {EV+5 Int+4 Dex+3}
   (You bought it in a shop in the Dungeon)

   [ring of evasion]

   EV+5:      It affects your evasion (+5).
   Int+4:     It affects your intelligence (+4).
   Dex+3:     It affects your dexterity (+3).
 G - a ring of protection from fire
 Q - the ring "Vuwneiq" {Will+ EV+5 Stlth+}
   (You bought it in a shop in the Dungeon)

   [ring of evasion]

   EV+5:      It affects your evasion (+5).
   Will+:     It increases your willpower.
   Stlth+:    It makes you more stealthy.
Talismans
 c - a beast talisman
 d - a flux talisman
 C - a blade talisman (active)
 R - a talisman of death
Wands
 t - a wand of mindburst (8)
 F - a wand of light (7)
Scrolls
 l - 2 scrolls of amnesia
 q - 2 scrolls of fear
 r - 11 scrolls of enchant armour
 s - a scroll of poison
 v - 3 scrolls of brand weapon
 L - a scroll of identify
 M - a scroll of fog
Potions
 f - 5 potions of mutation
 g - a potion of haste
 h - 4 potions of magic
 k - a potion of invisibility
 z - a potion of attraction
 B - a potion of cancellation
Miscellaneous
 u - a phial of floods


   Skills:
 + Level 15.0 Fighting
 + Level 4.5 Throwing
 + Level 10.8 Armour
 + Level 15.3 Dodging
 * Level 25.6 Unarmed Combat
 + Level 18.2 Shapeshifting


You had 13 spell levels left.
You didn't know any spells.
Your spell library contained the following spells:

 Spells                   Type           Power      Damage    Failure   Level
 Summon Ice Beast         Ice/Summ       0%         N/A       100%        4
 Summon Mana Viper        Hex/Summ       0%         N/A       100%        5
 Monstrous Menagerie      Summ           0%         N/A       100%        7


Dungeon Overview and Level Annotations

Branches:
Dungeon (1/1)

Altars:
Cheibriados
Dithmenos
Elyvilon
Fedhas
Gozag
Hepliaklqana
Kikubaaqudgha
Makhleb
Nemelex Xobeh
Okawaru
Qazlal
Ru
Sif Muna
Trog
Uskayaw
Vehumet
Wu Jian
Xom
Yredelemnul
Zin
The Shining One
Jiyva
Lugonu

Shops:
D *==*([==*

Annotations:
D Mennas


Innate Abilities, Weirdness & Mutations

You have blades for hands.
You are incapable of wielding weapons or throwing items.
You are too large for most types of armour.
((You have claws for hands.))
Your natural rate of healing is unusually fast.
You are covered in fur. (AC +1)
You have tough skin. (AC +1)


Message History

You feel better.
You are confused.
You feel invigorated.
You bump into the unnaturally hard rock wall.
Mennas closely misses you.
Mennas hits you with a +5 eudemon blade of holy wrath.
You bump into the unnaturally hard rock wall.
Mennas hits you with a +5 eudemon blade of holy wrath.
Mennas hits you with a +5 eudemon blade of holy wrath!!
You bump into the unnaturally hard rock wall.
You feel less invigorated.
You feel less confused.
Mennas gestures frantically.
You are confused.
Mennas blocks your attack.
Your slash misses Mennas.
Mennas is lightly wounded.
You completely miss Mennas.
Mennas is lightly wounded.
Mennas gestures frantically.
You are more confused.
You bump into the unnaturally hard rock wall.
Mennas hits you with a +5 eudemon blade of holy wrath!!
Mennas hits you with a +5 eudemon blade of holy wrath.
You hit Mennas but do no damage.
Mennas is lightly wounded.
Mennas blocks your attack.
Mennas is lightly wounded.
Mennas hits you with a +5 eudemon blade of holy wrath!!
* * * LOW HITPOINT WARNING * * *
Mennas hits you with a +5 eudemon blade of holy wrath.
* * * LOW HITPOINT WARNING * * *
You bump into the unnaturally hard rock wall.
Mennas hits you with a +5 eudemon blade of holy wrath!!
* * * LOW HITPOINT WARNING * * *
Mennas barely misses you.
Mennas looks to the heavens.
Mennas attacks as he pursues you!
Mennas hits you with a +5 eudemon blade of holy wrath!
You die...
Your body crumbles into a pile of gold.

▓▓▓▓▓▓▓▓▓▓▓▓▓▓▓▓▓▓▓▓
...........A.......▓
▓▓▓▓▓▓▓▓▓▓▓▓▓▓▓▓▓▓.▓
[.).[[...'......@A.▓
▓▓▓▓▓▓▓▓▓▓▓▓▓▓▓▓▓▓▓▓
...................▓
▓▓▓▓▓▓▓▓▓▓▓▓▓▓▓▓▓▓.▓
.)).).'............▓
▓▓▓▓▓▓▓▓▓▓▓▓▓▓▓▓▓▓▓▓
...................▓
▓▓▓▓▓▓▓▓▓▓▓▓▓▓▓▓▓▓.▓
)).).....'.........▓


You could see Mennas.

Vanquished Creatures
  Saint Roka (D)
  A tentacled monstrosity (D)
  A frost giant (D)
  3 fire giants (D)
  An ironbound preserver (D)
  4 stone giants (D)
  2 very ugly things (D)
  2 eleionomae (D)
  A dire elephant (D)
  Azrael (D)
  5 fire dragons (D)
  2 ettins (D)
  An entropy weaver (D)
  3 yaktaur captains (D)
  2 great orbs of eyes (D)
  2 hydras (D)
  Erolcha (D)
  4 ogre magi (D)
  2 alligators (D)
  2 anacondas (D)
  A ghost crab (D)
  A peacekeeper (D)
  An ironbound frostheart (D)
  5 centaur warriors (D)
  5 two-headed ogres (D)
  An alligator snapping turtle (D)
  A merfolk aquamancer (D)
  2 vampire magi (D)
  Urug (D)
  A deep troll shaman (D)
  2 demonic crawlers (D)
  A naga sharpshooter (D)
  A skyshark (D)
  A glowing orange brain (D)
  A bog body (D)
  An ironbound convoker (D)
  A wizard (D)
  2 steelbarb worms (D)
  2 lindwurms (D)
  2 orc knights (D)
  A wolf spider (D)
  2 necromancers (D)
  A deep elf pyromancer (D)
  2 cyclopes (D)
  2 will-o-the-wisps (D)
  2 ugly things (D)
  3 naga magi (D)
  2 merfolk sirens (D)
  3 black mambas (D)
  4 vault sentinels (D)
  A water nymph (D)
  3 cane toads (D)
  A torpor snail (D)
  Psyche (D)
  2 komodo dragons (D)
  2 efreet (D)
  A yaktaur (D)
  A tengu conjurer (D)
  A troll (D)
  3 merfolk (D)
  2 tarantellas (D)
  2 hornets (D)
  A tyrant leech (D)
  2 blink frogs (D)
  3 slime creatures (D)
  A wyvern (D)
  3 fire elementals (D)
  2 basilisks (D)
  A vampire mosquito (D)
  3 yaks (D)
  A warg (D)
  2 hell hounds (D)
  4 water moccasins (D)
  12 orc warriors (D)
  4 ogres (D)
  A wolf (D)
  A kobold brigand (D)
  3 bullfrogs (D)
  2 killer bees (D)
  3 orc priests (D)
  A hound (D)
  3 orc wizards (D)
  A gnoll (D)
  A white imp (D)
  9 orcs (D)
  2 endoplasms (D)
  A hobgoblin (D)
  A quokka (D)
  A kobold (D)
185 creatures vanquished.

Vanquished Creatures (others)
  A spriggan druid (D)
  A queen bee (shapeshifter) (D)
  A floating eye (D)
  An orc wizard (D)
  3 foxfires (D)
7 creatures vanquished.

Grand Total: 192 creatures vanquished

Notes
Turn   | Place    | Note
-------+----------+-------------------------------------------
     0 | D        | rocky1 the Troll Shapeshifter began the quest for the Orb.
     0 | D        | Reached XP level 1. HP: 18/18 MP: 0/0
   118 | D        | Noticed a hound
   121 | D        | Reached skill level 4 in Unarmed Combat
   121 | D        | Reached XP level 2. HP: 26/26 MP: 1/1
   125 | D        | Reached skill level 5 in Unarmed Combat
   138 | D        | Reached skill level 5 in Shapeshifting
   138 | D        | Reached XP level 3. HP: 23/32 MP: 2/2
   143 | D        | Found a snail-covered altar of Cheibriados.
   143 | D        | Found a shadowy altar of Dithmenos.
   143 | D        | Found a white marble altar of Elyvilon.
   143 | D        | Found a blossoming altar of Fedhas.
   143 | D        | Found an opulent altar of Gozag.
   144 | D        | Found a hazy altar of Hepliaklqana.
   145 | D        | Found a viscous altar of Jiyva.
   146 | D        | Found an ancient bone altar of Kikubaaqudgha.
   147 | D        | Found a corrupted altar of Lugonu.
   148 | D        | Found a burning altar of Makhleb.
   149 | D        | Found a sparkling altar of Nemelex Xobeh.
   150 | D        | Found an iron altar of Okawaru.
   151 | D        | Became a worshipper of Gozag Ym Sagoz the Greedy
   152 | D        | Found a stormy altar of Qazlal.
   153 | D        | Found a sacrificial altar of Ru.
   154 | D        | Found a shimmering blue altar of Sif Muna.
   155 | D        | Found a bloodstained altar of Trog.
   156 | D        | Found a hide-covered altar of Uskayaw.
   157 | D        | Found a radiant altar of Vehumet.
   158 | D        | Found an ornate altar of the Wu Jian Council.
   159 | D        | Found a shimmering altar of Xom.
   160 | D        | Found a basalt altar of Yredelemnul.
   161 | D        | Found a glowing silver altar of Zin.
   162 | D        | Found a glowing golden altar of the Shining One.
   188 | D        | Noticed a killer bee
   188 | D        | Noticed a hornet
   188 | D        | Noticed a kobold brigand
   188 | D        | Noticed a troll
   188 | D        | Noticed a killer bee
   198 | D        | Killed a hornet
   199 | D        | Reached skill level 1 in Fighting
   199 | D        | Reached skill level 9 in Unarmed Combat
   199 | D        | Reached XP level 4. HP: 41/41 MP: 3/3
   199 | D        | Reached XP level 5. HP: 48/48 MP: 4/4
   201 | D        | Reached XP level 6. HP: 55/55 MP: 5/5
   209 | D        | Reached skill level 10 in Unarmed Combat
   212 | D        | Killed a troll
   213 | D        | Reached skill level 11 in Unarmed Combat
   213 | D        | Reached XP level 7. HP: 65/65 MP: 6/6
   441 | D        | Noticed a queen bee
   441 | D        | Noticed a centaur warrior
   441 | D        | Noticed a centaur warrior
   441 | D        | Noticed a tengu conjurer
   441 | D        | Noticed a purple ugly thing
   441 | D        | Noticed a slime creature
   448 | D        | Killed a queen bee
   453 | D        | Killed a centaur warrior
   454 | D        | Reached skill level 5 in Dodging
   454 | D        | Killed a centaur warrior
   455 | D        | Reached skill level 12 in Unarmed Combat
   455 | D        | Reached skill level 10 in Shapeshifting
   455 | D        | Reached XP level 8. HP: 28/79 MP: 7/7
   459 | D        | Killed a tengu conjurer
   460 | D        | Reached skill level 13 in Unarmed Combat
   463 | D        | Killed a purple ugly thing
   464 | D        | Reached skill level 5 in Fighting
   464 | D        | Reached XP level 9. HP: 50/88 MP: 8/8
   467 | D        | Reached skill level 14 in Unarmed Combat
   975 | D        | Noticed a komodo dragon
   975 | D        | Noticed a komodo dragon
   981 | D        | Killed a komodo dragon
   992 | D        | Killed a komodo dragon
  1004 | D        | Reached skill level 15 in Unarmed Combat
  1013 | D        | HP: 4/92 [water moccasin (5)]
  1182 | D        | Noticed a cane toad
  1182 | D        | Noticed a five-headed hydra
  1187 | D        | Killed a cane toad
  1193 | D        | Reached XP level 10. HP: 90/102 MP: 9/9
  1196 | D        | Killed a seven-headed hydra
  1197 | D        | Noticed a skyshark
  1198 | D        | Reached skill level 16 in Unarmed Combat
  1216 | D        | Killed a skyshark
  1290 | D        | Bought 5 atropa-tipped darts for 81 gold pieces
  1290 | D        | Bought a scroll of poison for 72 gold pieces
  1290 | D        | Bought a wand of mindburst (8) for 201 gold pieces
  1295 | D        | Noticed a cane toad
  1295 | D        | Noticed a cane toad
  1406 | D        | Killed a cane toad
  1524 | D        | Reached skill level 17 in Unarmed Combat
  1525 | D        | Killed a cane toad
  1573 | D        | Noticed Erolcha
  1587 | D        | Killed Erolcha
  1670 | D        | Reached XP level 11. HP: 113/113 MP: 10/10
  1824 | D        | Bought a phial of floods for 960 gold pieces
  1824 | D        | Bought 3 scrolls labelled HALAES UMIMPEL for 72 gold pieces
  1849 | D        | Noticed an orc knight
  1861 | D        | Reached skill level 10 in Dodging
  1862 | D        | Noticed an orc knight
  1865 | D        | Killed an orc knight
  1866 | D        | Reached skill level 18 in Unarmed Combat
  1887 | D        | Killed an orc knight
  1952 | D        | Found Icvuedd's Antique Weapon Emporium.
  1952 | D        | Noticed an ogre mage
  1952 | D        | Noticed a two-headed ogre
  1952 | D        | Noticed a two-headed ogre
  1952 | D        | Noticed a two-headed ogre
  1960 | D        | Noticed an ogre mage
  1963 | D        | Killed an ogre mage
  1967 | D        | Killed a two-headed ogre
  1967 | D        | Noticed a two-headed ogre
  1974 | D        | Killed a two-headed ogre
  1978 | D        | Killed a two-headed ogre
  1979 | D        | Reached skill level 19 in Unarmed Combat
  1987 | D        | Noticed a two-headed ogre
  1990 | D        | Killed an ogre mage
  1991 | D        | Reached skill level 10 in Fighting
  1999 | D        | Killed a two-headed ogre
  2008 | D        | Killed a two-headed ogre
  2012 | D        | Found Vonicaosch's Antique Armour Shoppe.
  2035 | D        | Found Ijuxes's Jewellery Emporium.
  2039 | D        | Found Ejaoth's Distillery.
  2043 | D        | Noticed an ogre mage
  2044 | D        | Noticed an ogre mage
  2051 | D        | Killed an ogre mage
  2053 | D        | Killed an ogre mage
  2055 | D        | Reached XP level 12. HP: 68/128 MP: 11/11
  2118 | D        | Bought a runed robe for 96 gold pieces
  2130 | D        | Bought an amulet of regeneration for 390 gold pieces
  2130 | D        | Bought a ring of poison resistance for 260 gold pieces
  2139 | D        | Bought a potion of curing for 42 gold pieces
  2139 | D        | Bought a potion of might for 56 gold pieces
  2139 | D        | Bought a potion of mutation for 112 gold pieces
  2139 | D        | Bought a potion of attraction for 42 gold pieces
  2139 | D        | Bought a potion of ambrosia for 112 gold pieces
  2139 | D        | Bought a potion of degeneration for 14 gold pieces
  2152 | D        | Bought a scroll of enchant armour for 112 gold pieces
  2152 | D        | Bought a potion of cancellation for 120 gold pieces
  2157 | D        | Noticed Urug
  2168 | D        | Killed Urug
  2169 | D        | Reached skill level 20 in Unarmed Combat
  2221 | D        | Bought a blade talisman for 440 gold pieces
  2221 | D        | Bought the ring "Lunix" {rF+ rC++ rN+ Will-} for 544 gold
                  | pieces
  2221 | D        | Bought the ring "Cuotadghe" {EV+5 Int+4 Dex+3} for 634 gold
                  | pieces
  2226 | D        | Noticed Psyche
  2234 | D        | Killed Psyche
  2490 | D        | Noticed a seven-headed hydra
  2490 | D        | Noticed a centaur warrior
  2490 | D        | Noticed a centaur warrior
  2492 | D        | Killed a seven-headed hydra
  2493 | D        | Reached skill level 1 in Armour
  2493 | D        | Noticed a centaur warrior
  2497 | D        | Killed a centaur warrior
  2500 | D        | Noticed a vampire mage
  2502 | D        | Killed a centaur warrior
  2503 | D        | Noticed an ettin
  2506 | D        | Reached skill level 15 in Shapeshifting
  2510 | D        | Killed a centaur warrior
  2511 | D        | Noticed a fire dragon
  2517 | D        | Noticed a fire dragon
  2521 | D        | Killed a vampire mage
  2525 | D        | Killed an ettin
  2534 | D        | Reached skill level 21 in Unarmed Combat
  2535 | D        | Killed a fire dragon
  2541 | D        | Killed a fire dragon
  2781 | D        | Noticed a ghost crab
  2781 | D        | Noticed an eleionoma
  2781 | D        | Noticed an eleionoma
  2787 | D        | Killed an eleionoma
  2790 | D        | Killed a ghost crab
  2803 | D        | Killed an eleionoma
  2804 | D        | Reached skill level 5 in Armour
  2805 | D        | Noticed an alligator
  2808 | D        | Noticed an alligator
  2908 | D        | Killed an alligator
  2921 | D        | Reached XP level 13. HP: 135/140 MP: 12/12
  3048 | D        | Reached skill level 22 in Unarmed Combat
  3370 | D        | Reached skill level 23 in Unarmed Combat
  3584 | D        | Noticed Saint Roka
  3596 | D        | Killed Saint Roka
  3624 | D        | Noticed Azrael
  3634 | D        | Killed Azrael
  3671 | D        | Noticed a white very ugly thing
  3671 | D        | Noticed a stone giant
  3671 | D        | Noticed an ettin
  3671 | D        | Noticed a fire giant
  3675 | D        | Noticed a purple very ugly thing
  3677 | D        | Killed a white very ugly thing
  3701 | D        | Killed a stone giant
  3705 | D        | Killed a fire giant
  3708 | D        | Killed a purple very ugly thing
  3732 | D        | Killed an ettin
  3732 | D        | Noticed a tentacled monstrosity
  3733 | D        | Reached skill level 24 in Unarmed Combat
  3733 | D        | Reached XP level 14. HP: 70/154 MP: 13/13
  3734 | D        | Killed a tentacled monstrosity
  3739 | D        | Noticed a stone giant
  3742 | D        | Killed a stone giant
  3780 | D        | Noticed a fire giant
  3787 | D        | Killed a fire giant
  3812 | D        | Noticed a stone giant
  3819 | D        | Killed a stone giant
  3847 | D        | Noticed a fire giant
  3852 | D        | Killed a fire giant
  3918 | D        | Bought the ring "Vuwneiq" {Will+ EV+5 Stlth+} for 771 gold
                  | pieces
  3918 | D        | Bought a talisman of death for 1705 gold pieces
  3932 | D        | Noticed a stone giant
  3933 | D        | Noticed a frost giant
  3938 | D        | Killed a stone giant
  3944 | D        | Killed a frost giant
  3950 | D        | Reached skill level 10 in Armour
  3983 | D        | Reached skill level 1 in Throwing
  3983 | D        | Reached skill level 25 in Unarmed Combat
  3984 | D        | Noticed an ironbound preserver
  3993 | D        | Reached skill level 15 in Dodging
  3996 | D        | Killed an ironbound preserver
  4039 | D        | Reached skill level 15 in Fighting
  4132 | D        | Bought the ring of the Mage {Wiz Archmagi} for 765 gold
                  | pieces
  4132 | D        | Found the ring of the Mage {Wiz Archmagi}
  4132 | D        | Bought the amulet "Kisk" {Drain rElec rC+ Regen+ Int+5} for
                  | 838 gold pieces
  4132 | D        | Bought the ring of Onanudirr {rC+ rN+ rCorr Str-3 SInv} for
                  | 487 gold pieces
  4191 | D        | Noticed Mennas
  4243 | D        | HP: 5/159 [Mennas/+5 eudemon blade of holy wrath (20)]
  4244 | D        | Mangled by Mennas

Illustrated notes

Levels and vault maps discovered:
D:        linesprint [early_d, line_temple, items_1, d_10, items_2, lair_1,
          lair_end, items_3, orc_1, orc_end, items_4, d_15, swamp_1, shoals_1,
          snake_1, spider_1, d_20, vaults_1, items_5, swamp_end, shoals_end,
          snake_end, spider_end, vaults_end, d_27, items_6, zot_1, zot_end,
          crypt_end, forest_end, elf_end, slime_end, tomb_end, abyss_end,
          pan_hell_end]

Skill      XL: |  1  2  3  4  5  6  7  8  9 10 11 12 13 14 |
---------------+-------------------------------------------+-----
Dodging        | 2 3 4 6 8 9 11 12 14 15 | 15.3
Unarmed Combat | 4 5 9 11 12 13 15 17 19 21 24 25 | 25.6
Shapeshifting  | 4 5 7 8 9 10 11 12 13 14 15 17 18 | 18.2
Fighting       | 1 2 4 5 7 8 10 12 13 15 | 15.0
Armour         | 5 8 10 | 10.8
Throwing       | 4 |  4.5

Action                     |  1- 3 |  4- 6 |  7- 9 | 10-12 | 13-15 || total
---------------------------+-------+-------+-------+-------+-------++-------
  Melee: Unarmed           |    34 |     7 |    63 |   217 |   225 ||   546
         Punch             |     1 |     1 |     4 |    23 |    36 ||    65
  Throw: Dart              |       |       |       |     5 |       ||     5
 Invoke: Call Merchant     |       |       |       |     4 |     2 ||     6
         Potion Petition   |       |       |       |     1 |     3 ||     4
  Evoke: Wand              |       |       |     8 |     2 |       ||    10
    Use: Potion            |     1 |       |     7 |     6 |     9 ||    23
         Scroll            |       |       |       |     1 |     2 ||     3
   Stab: Invisible         |       |       |     4 |       |       ||     4
         Distracted        |       |       |       |     3 |     2 ||     5
 Armour: Animal skin       |    11 |       |    29 |    33 |       ||    73
         Skin              |    12 |    12 |     4 |    11 |       ||    39
         Fire dragon scale |       |       |       |    51 |   136 ||   187
         Robe              |       |       |       |     9 |       ||     9
  Dodge: Dodged            |    11 |       |    38 |    66 |    62 ||   177
   Form: Blade             |       |       |       |     1 |       ||     1

Table legend: (Time is in decaauts)
 A = Elapsed time spent in this place.
 B = Non-inter-level travel time spent in this place.
 C = Inter-level travel time spent in this place.
 D = Time resting spent in this place.
 E = Time spent auto-exploring this place.
 F = Levels seen in this place.
 G = Mean time per level.
                   A        B        C        D        E       F      G
               +--------+--------+--------+--------+--------+-----+--------+
         Total |   4030 |   4030 |      0 |   2173 |      0 |   1 | 4030.0 |
       Dungeon |   4030 |   4030 |      0 |   2173 |      0 |   1 | 4030.0 |
               +--------+--------+--------+--------+--------+-----+--------+

Top non-repeatable levels by time:
       D: 4030 daAuts
